 Dungeon Crawl Stone Soup version 0.20.1-1-g8b1a95d (webtiles) character file.

1352 Jazqa the Skirmisher (level 8, -6/67 HPs)
             Began as a Formicid Fighter on Oct 30, 2017.
             Was a Believer of Okawaru.
             Mangled by a freed slave (7 damage)
             ... led by Pikel
             ... on level 4 of the Dungeon.
             The game lasted 00:07:01 (5583 turns).

Jazqa the Skirmisher (Formicid Fighter)             Turns: 5583, Time: 00:07:02

Health: -6/67      AC:  8    Str: 22    XL:     8   Next: 95%
Magic:  10/10      EV:  9    Int:  7    God:    Okawaru [**....]
Gold:   296        SH:  7    Dex: 12    Spells: 7/7 levels left

rFire    . . .     SeeInvis +   a - +0 long sword
rCold    . . .     Gourm    .   w - +2 buckler
rNeg     . . .     Faith    .   b - +1 scale mail
rPois    .         Spirit   .   (helmet unavailable)
rElec    .         Reflect  .   (no cloak)
rCorr    .         Harm     .   (no gloves)
MR       .....                  (no boots)
Stlth    ..........             (no amulet)
Regen    0.3/turn               (no ring)
MPRegen  0.2/turn               (no ring)

@: no status effects
A: permanent stasis, dig shafts and tunnels, four strong arms, antennae 3
a: Dig, Shaft Self, Heroism, Renounce Religion


You were on level 4 of the Dungeon.
You worshipped Okawaru.
Okawaru was pleased with you.
You were not hungry.

You visited 1 branch of the dungeon, and saw 5 of its levels.

You collected 296 gold pieces.


Innate Abilities, Weirdness & Mutations

You cannot be hasted, slowed, berserked, paralysed or teleported.
You can dig through walls and to a lower floor.
Your four strong arms can wield two-handed weapons with a shield.
You have a pair of large antennae on your head. (SInv)


   Skills:
 + Level 7.4 Fighting
 + Level 6.1 Long Blades
 + Level 6.4 Armour
 - Level 4.0 Shields
 + Level 2.8 Invocations


You had 7 spell levels left.
You didn't know any spells.

Inventory:

Hand Weapons
 a - a +0 long sword (weapon)
Armour
 b - a +1 scale mail (worn)
 c - a +0 shield
 w - a +2 buckler (worn)
Wands
 d - a wand of iceblast (11/15)
Scrolls
 g - 2 scrolls of identify {@r1}
 i - 2 scrolls of recharging {unknown}
 m - a scroll of enchant armour
 n - 2 scrolls of remove curse {@r2}
 t - a scroll of fear
 u - 2 scrolls of amnesia
 v - a scroll of noise {unknown}
 y - a scroll of magic mapping {unknown}
Potions
 e - 2 potions of heal wounds {unknown}
 h - a potion of cancellation {unknown}
 j - a potion of haste {@q3}
 l - 3 potions of curing {unknown}
 o - a potion of invisibility {unknown}
 q - a potion of resistance {unknown}
 r - a potion of brilliance {unknown}
Comestibles
 f - 6 bread rations {@e1}
 k - 8 fruits {@e2}
 p - 6 meat rations {@e1}
 x - 11 chunks of flesh
 z - a royal jelly {@e3}

Dungeon Overview and Level Annotations

Branches:
Dungeon (5/15)             Temple (0/1) D:4

Altars:
Okawaru

.......#
#.##..............#
....####
#.##..............#
###.#
#.##..............#
#...#
#####.##..............#
..###
##..........############
### ##............## #
#.........>....#
#...[......o...#
##.........@p...#
#.).PP......P...#
#.P...P.≈≈......#
#....P≈≈≈.PP...##
#.P.≈≈≈≈..P...##
#..P≈≈≈≈≈.P...#
#PP≈≈≈≈≈≈≈....#
#.≈≈≈≈≈≈≈≈≈≈..#
#P≈≈≈≈≈≈≈≈≈≈..#


You could see an orc warrior and a freed slave.


Message History

Okay, then.
Are you sure you want to stumble around while confused and next to the non-hostile freed slave?
You barely miss the orc warrior.
The orc warrior is heavily wounded.
Are you sure you want to stumble around while confused and next to the non-hostile freed slave?
Okay, then.
Are you sure you want to stumble around while confused and next to the non-hostile freed slave? [Y]es or [N]o only, please.
Are you sure you want to stumble around while confused and next to the non-hostile freed slave?
You miss the freed slave.
The freed slave shouts!
The orc warrior barely misses you.
The freed slave hits you but does no damage.
You feel less invigorated.
You feel less confused.
The orc warrior hits you with a war axe.
* * * LOW HITPOINT WARNING * * *
The orc warrior hits you with a war axe!
* * * LOW HITPOINT WARNING * * *
Unknown command.
You closely miss the freed slave. The freed slave barely misses you.
You block the orc warrior's attack.
Unknown command.
You barely miss the orc warrior.
The orc warrior is heavily wounded.
The freed slave barely misses you.
The orc warrior hits you with a war axe!!
* * * LOW HITPOINT WARNING * * *
The freed slave hits you!
You die...

Skill      XL: |  1  2  3  4  5  6  7  8 |
---------------+-------------------------+-----
Fighting       | 4 5 6 7 |  7.4
Shields        | 4 |  4.0
Long Blades    | 3 5 6 |  6.1
Armour         | 5 6 |  6.4
Invocations    | 2 |  2.8

Action                   |  1- 3 |  4- 6 |  7- 9 || total
-------------------------+-------+-------+-------++-------
Melee: Long sword        |    83 |   160 |   123 ||   366
  Use: Scroll            |       |     7 |       ||     7
       Potion            |       |     1 |     2 ||     3
  Eat: Chunk             |     2 |     8 |     1 ||    11
       Royal jelly       |       |       |     2 ||     2
Armor: Scale mail        |    36 |    52 |    39 ||   127
Dodge: Dodged            |    37 |    64 |    41 ||   142
Block: Shield            |    18 |    56 |       ||    74
       Buckler           |    15 |    23 |    41 ||    79
       Rpst.: Long sword |     8 |    21 |    10 ||    39

Vault maps used:
D:1:      lemuel_arrival_river_ford
D:2:      minmay_misc_feat_doors, patterned_corridor
D:3:      lemuel_upstairs_altar, marbit_many_paths
D:4:      minmay_temple_entry_fiery, guppyfry_early_lair_pool, uniq_pikel
D:5:      first_bread, uniq_eustachio, uniq_blork_the_orc, uniq_sigmund,
          uniq_grinder, uniq_crazy_yiuf_cottage

Notes
Turn   | Place    | Note
-------+----------+-------------------------------------------
     0 | D:1      | Jazqa the Formicid Fighter began the quest for the Orb.
     0 | D:1      | Reached XP level 1. HP: 18/18 MP: 1/1
   189 | D:1      | Reached XP level 2. HP: 21/24 MP: 2/2
   925 | D:2      | Reached XP level 3. HP: 30/30 MP: 3/3
  1080 | D:2      | Reached skill level 4 in Fighting
  1360 | D:2      | Reached skill level 4 in Shields
  1400 | D:2      | Reached XP level 4. HP: 31/37 MP: 4/4
  1539 | D:2      | Reached skill level 3 in Long Blades
  2072 | D:3      | Reached XP level 5. HP: 23/43 MP: 5/5
  2747 | D:3      | Found an iron altar of Okawaru.
  2853 | D:3      | Became a worshipper of Warmaster Okawaru
  3126 | D:4      | Reached skill level 5 in Fighting
  3136 | D:4      | Noticed a phantom
  3412 | D:4      | Reached XP level 6. HP: 19/51 MP: 6/6
  3756 | D:3      | Reached skill level 4 in Long Blades
  3775 | D:3      | Reached skill level 4 in Armour
  3801 | D:3      | Killed a phantom
  4005 | D:4      | Noticed Pikel
  4007 | D:4      | Noticed a slave
  4007 | D:4      | Noticed a slave
  4009 | D:4      | Noticed a slave
  4013 | D:4      | Noticed a slave
  4018 | D:4      | HP: 1/51 [Pikel/whip of electrocution (5)]
  4019 | D:4      | Killed Pikel
  4019 | D:4      | Reached * piety under Okawaru
  4019 | D:4      | Reached skill level 6 in Fighting
  4019 | D:4      | Reached skill level 5 in Long Blades
  4019 | D:4      | Reached skill level 5 in Armour
  4019 | D:4      | Reached XP level 7. HP: 2/59 MP: 7/7
  4019 | D:4      | Reached XP level 8. HP: 2/65 MP: 8/8
  4678 | D:4      | Found a staircase to the Ecumenical Temple.
  4830 | D:5      | Entered Level 5 of the Dungeon
  4830 | D:5      | Noticed Blork the orc
  4842 | D:5      | Killed Blork the orc
  5005 | D:5      | Reached skill level 1 in Invocations
  5022 | D:5      | Noticed Grinder
  5039 | D:5      | Killed Grinder
  5039 | D:5      | Reached ** piety under Okawaru
  5039 | D:5      | Reached skill level 7 in Fighting
  5039 | D:5      | Reached skill level 6 in Armour
  5039 | D:5      | Reached skill level 2 in Invocations
  5120 | D:5      | Reached skill level 6 in Long Blades
  5583 | D:4      | HP: 1/67 [orc warrior/war axe (20)]
  5583 | D:4      | Mangled by a freed slave

Vanquished Creatures
  Pikel (D:4)
  Grinder (D:5)
  An ice beast (D:5)
  2 phantoms
  Blork the orc (D:5)
  A scorpion (D:5)
  A howler monkey (D:4)
  A crimson imp (D:5)
  An orc priest (D:5)
  An orc wizard (D:5)
  A worker ant (D:5)
  A hound skeleton (D:5)
  7 gnolls (D:3)
  4 adders
  An ooze (D:5)
  A worm (D:3)
  4 dart slugs
  7 leopard geckos
  5 orcs
  A ball python (D:3)
  2 giant cockroaches (D:1)
  4 goblins
  8 hobgoblins
  4 jackals (D:5)
  3 quokkas
  6 bats
  5 frilled lizards
  5 kobolds
  A leopard gecko skeleton (D:5)
  6 rats
87 creatures vanquished.

Vanquished Creatures (others)
  A slave (D:4)
  A worker ant (D:4)
  A quokka (D:4)
3 creatures vanquished.

Grand Total: 90 creatures vanquished
